 Dungeon Crawl Stone Soup version 0.28.0-45-g0d030f2227 (webtiles) character file.

Game seed: 4103348163441135735

44 AnnaDunkelherz the Gusty (level 3, -6/19 HPs)
             Began as a Tengu Air Elementalist on Apr 16, 2022.
             Killed themself with a bounced zap (8 damage)
             ... on level 3 of the Dungeon.
             The game lasted 00:13:23 (1894 turns).

AnnaDunkelherz the Gusty (Tengu Air Elementalist)   Turns: 1894, Time: 00:13:23

Health: -6/19      AC:  5    Str:  8    XL:     3   Next: 62%
Magic:  5/7        EV: 10    Int: 17    God:
Gold:   126        SH:  0    Dex: 14    Spells: 5/6 levels left

rFire   . . .      SeeInvis .   h - +0 short sword
rCold   . . .      Faith    .   (no shield)
rNeg    . . .      Spirit   .   c - +0 ring mail
rPois   .          Reflect  .   (helmet restricted)
rElec   .          Harm     .   (no cloak)
rCorr   .          Rampage  .   (no gloves)
Will    .....                   (boots unavailable)
Stlth   +.........              (no amulet)
HPRegen 0.06/turn               (no ring)
MPRegen 0.10/turn               (no ring)

@: brilliant, very slightly contaminated
A: beak, talons 3
a: no special abilities


You were on level 3 of the Dungeon.
You visited 1 branch of the dungeon, and saw 3 of its levels.

You collected 126 gold pieces.

Inventory:

Hand Weapons
 e - a +0 dagger
 f - a +0 dagger
 h - a +0 short sword (weapon)
 n - a -2 dagger
 v - a +0 long sword
Missiles
 b - 73 stones
 g - 22 bolts
 o - 33 arrows
 p - 3 poisoned darts
Armour
 a - a +0 robe
 c - a +0 ring mail (worn)
 m - a +0 scale mail
 s - a +0 scale mail
 u - a +0 robe
Jewellery
 j - a ring of protection from cold
 r - an amulet of reflection
Scrolls
 d - a scroll of fog {unknown}
 i - a scroll of enchant weapon {unknown}
 k - a scroll of fear {unknown}
 q - 3 scrolls of amnesia {unknown}
Potions
 l - a potion of heal wounds {unknown}
 t - a potion of brilliance


   Skills:
 + Level 0.1 Fighting
 + Level 0.2 Short Blades
 + Level 0.3 Armour
 + Level 2.3 Dodging
 + Level 2.2 Stealth
 + Level 2.2 Spellcasting
 + Level 1.6 Conjurations
 + Level 5.2 Air Magic


You had 5 spell levels left.
You knew the following spells:

 Your Spells              Type           Power      Damage    Failure   Level
a - Shock                 Conj/Air       80%        1d8       14%         1

Your spell library contained the following spells:

 Spells                   Type           Power      Damage    Failure   Level
 Swiftness                Air            29%        N/A       21%         3
 Static Discharge         Conj/Air       20%        N/A       22%         2
 Airstrike                Air            14%        N/A       56%         4


Dungeon Overview and Level Annotations

Branches:
Dungeon (3/15)

Altars:


Innate Abilities, Weirdness & Mutations

You have a beak for a mouth.
You have claws for feet.


Message History

That beam is likely to hit you.
Continue anyway?
Okay, then.
Casting: Shock (safe; 14% risk of failure)
Confirm with . or Enter, or press ? or * to list all spells.
Aiming: Shock (safe; 14% risk of failure)
Press: ? - help, Shift-Dir - straight line, f/p - bullfrog zombie
Aim: a bullfrog zombie (heavily damaged, 83% to hit)
You feel a surge of power! That beam is likely to hit you.
Continue anyway?
Okay, then.
Unknown command.
Casting: Shock (safe; 14% risk of failure)
Confirm with . or Enter, or press ? or * to list all spells.
Aiming: Shock (safe; 14% risk of failure)
Press: ? - help, Shift-Dir - straight line, f/p - bullfrog zombie
Aim: a bullfrog zombie (heavily damaged, 83% to hit)
You feel a surge of power! That beam is likely to hit you.
Continue anyway? [Y]es or [N]o only, please.
That beam is likely to hit you.
Continue anyway?
Okay, then.
Casting: Shock (safe; 14% risk of failure)
Confirm with . or Enter, or press ? or * to list all spells.
Aiming: Shock (safe; 14% risk of failure)
Press: ? - help, Shift-Dir - straight line, f/p - bullfrog zombie
Aim: a bullfrog zombie (heavily damaged, 83% to hit)
You feel a surge of power! That beam is likely to hit you.
Continue anyway? [Y]es or [N]o only, please.
That beam is likely to hit you.
Continue anyway? [Y]es or [N]o only, please.
That beam is likely to hit you.
Continue anyway? [Y]es or [N]o only, please.
That beam is likely to hit you.
Continue anyway?
The zap hits the bullfrog zombie.
The bullfrog zombie is severely damaged.
The zap hits the bullfrog zombie!
The bullfrog zombie is almost destroyed.
The zap hits you!
You die...

.................<.#
####...##.###......#
....#..#...#......#
######..##........#
............####
...###..#####.# ##
##. ##.#####
#.####..Z...##
#.......@....#
..............#
####..........#
#..........#
#...<......#
#..........#
..........##
###........#


You could see a bullfrog zombie.

Vanquished Creatures
  An adder (D:2)
  A dart slug (D:1)
  7 bats
  4 endoplasms
  2 giant cockroaches (D:1)
  3 goblins (D:1)
  4 hobgoblins (D:1)
  A kobold (D:1)
  A quokka (D:3)
  4 frilled lizards
  3 rats (D:1)
31 creatures vanquished.

Notes
Turn   | Place    | Note
-------+----------+-------------------------------------------
     0 | D:1      | AnnaDunkelherz the Tengu Air Elementalist began the quest
                  | for the Orb.
     0 | D:1      | Reached XP level 1. HP: 10/10 MP: 4/4
   130 | D:1      | Reached XP level 2. HP: 8/15 MP: 6/6
   456 | D:1      | Reached skill level 5 in Air Magic
   590 | D:1      | Reached XP level 3. HP: 19/19 MP: 4/7
   923 | D:2      | Found a faded altar of an unknown god.
  1578 | D:2      | You fall into a shaft and drop 1 floor!
  1894 | D:3      | Killed themself with a bounced zap

Illustrated notes

Levels and vault maps discovered:
D:1:      nicolae_arrival_memento_mori, layout_loops_ring, serial_glass,
          glass_columns_a, glass_columns_b, glass_columns_b, glass_columns_a,
          glass_columns_b, glass_columns_a, glass_columns_b, glass_columns_c,
          glass_columns_c, glass_columns_a, minmay_tromino_v7
D:2:      layout_basic, ebering_ecumenical_altar_rust, uniq_natasha
D:3:      layout_rooms, lightli_corner_chamber

Skill      XL: |  1  2 |
---------------+-------+-----
Air Magic      | 5 |  5.2
Fighting       | |  0.1
Short Blades   | |  0.2
Armour         | |  0.3
Dodging        | |  2.3
Stealth        | |  2.2
Spellcasting   | |  2.2
Conjurations   | |  1.6

Action                   || total
-------------------------++-------
Melee: Unarmed           ||     6
       Kick              ||    17
       Peck              ||     1
       Dagger            ||     8
       Short sword       ||    30
 Cast: Shock             ||    22
  Use: Potion            ||     2
Armor: Ring mail         ||    20
       Robe              ||     4
Dodge: Dodged            ||    31
